[Event "Lindores Abbey Rapid Challenge"]
[Site "Online"]
[Date "2020.05.20"]
[Round "7"]
[White "So, Wesley"]
[Black "Firouzja, Alireza"]
[Result "1/2-1/2"]
[ECO "D85"]
[WhiteElo "2741"]
[BlackElo "2703"]
[Annotator "ChessBase"]
[PlyCount "74"]
[EventDate "2020.05.19"]
[EventType "tourn"]
[SourceTitle "playchess.com"]
[Source "ChessBase"]
[SourceQuality "1"]
[TimeControl "900+10"]

1. d4 Nf6 2. c4 g6 3. Nc3 d5 4. cxd5 Nxd5 5. e4 Nxc3 6. bxc3 Bg7 7. Be3 c5 8. Rc1 O-O 9. Nf3 Qa5 10. Qd2 Rd8 11. d5 e6 12. Bg5 Rd6 13. Bf4 Rd8 14. c4 Qxd2+ 15. Kxd2 Nc6 16. Bd3 Nb4 17. Bb1 f5 18. a3 fxe4 19. Ng5 exd5 20. axb4 h6 21. Bc7 Rf8 22. cxd5 Rxf2+ 23. Ke1 Rb2 24. Nxe4 Bf5 25. bxc5 Re8 26. d6 Bc3+ 27. Rxc3 Rxb1+ 28. Kd2 Rxh1 29. Ng3 Ree1 30. Nxh1 Rxh1 31. Rb3 Rxh2 32. Rxb7 Rxg2+ 33. Ke3 Rc2 34. Kd4 Rd2+ 35. Ke5 Re2+ 36. Kd4 Rd2+ 37. Kc4 Rc2+ 1/2-1/2